 Dungeon Crawl Stone Soup version 0.22.1-2-g9c5b331 (webtiles) character file.

67 shamaniam the Ruffian (level 3, -3/33 HPs)
             Began as a Troll Transmuter on Nov 28, 2018.
             Slain by a leopard gecko (5 damage)
             ... on level 2 of the Dungeon.
             The game lasted 00:01:21 (722 turns).

shamaniam the Ruffian (Troll Transmuter)             Turns: 722, Time: 00:01:22

Health: -3/33      AC:  5    Str: 18    XL:     3   Next: 98%
Magic:  4/4        EV: 10    Int: 10    God:
Gold:   36         SH:  0    Dex: 10    Spells: 4/5 levels left

rFire    . . .     SeeInvis .     - Unarmed
rCold    . . .     Gourm    +   (no shield)
rNeg     . . .     Faith    .   b - +0 robe
rPois    .         Spirit   .   (helmet restricted)
rElec    .         Reflect  .   (no cloak)
rCorr    .         Harm     .   (gloves unavailable)
MR       .....                  (boots unavailable)
Stlth    +.........             (no amulet)
HPRegen  0.51/turn              (no ring)
MPRegen  0.09/turn              (no ring)

@: lethally poisoned (-3 -> -7)
A: large, unfitting armour, claws 3, fast metabolism 3, gourmand, regeneration
1, shaggy fur 1, tough skin 2
a: no special abilities


You were on level 2 of the Dungeon.
You were completely stuffed.

You visited 1 branch of the dungeon, and saw 2 of its levels.

You collected 36 gold pieces.

Inventory:

Missiles
 a - 32 arrows
 i - 14 poisoned needles
Armour
 b - a +0 robe (worn)
Scrolls
 c - a scroll of identify {unknown}
 e - a scroll of noise {unknown}
 j - a scroll of amnesia {unknown}
 l - a scroll of enchant armour {unknown}
Potions
 f - a potion of magic {unknown}
 g - a potion of ambrosia {unknown}
 h - a potion of heal wounds {unknown}
 k - a potion of brilliance {unknown}
Comestibles
 d - 2 rations


   Skills:
 + Level 1.4 Fighting
 - Level 1.5 Dodging
 * Level 3.8 Unarmed Combat
 + Level 1.6 Spellcasting
 + Level 1.9 Transmutations


You had 4 spell levels left.
You knew the following spells:

 Your Spells              Type           Power        Failure   Level  Hunger
a - Beastly Appendage     Tmut           #.....       16%         1    ##.....

Your spell library contained the following spells:

 Spells                   Type           Power        Failure   Level  Hunger
 Sticks to Snakes         Tmut           #.......     22%         2    ###....
 Spider Form              Tmut/Pois      #.........   54%         3    ####...
 Ice Form                 Ice/Tmut       #.......     91%         4    #####..
 Blade Hands              Tmut           #.........   99%         5    ######.


Dungeon Overview and Level Annotations

Branches:
Dungeon (2/15)

Altars:


Innate Abilities, Weirdness & Mutations

You are too large for most types of armour.
You have claws for hands.
Your metabolism is lightning-fast.
You like to eat raw meat.
Your natural rate of healing is unusually fast.
You are covered in fur. (AC +1)
You have very tough skin. (AC +2)


Message History

The adder poisons you! The leopard gecko barely misses you.
The adder bites you.
* * * LOW HITPOINT WARNING * * *
You are more poisoned.
The adder poisons you!
You closely miss the adder.
The adder is heavily wounded.
You feel sick.
The leopard gecko bites you but does no damage.
The adder bites you but does no damage. The leopard gecko barely misses you.
You miss the adder.
The adder is heavily wounded.
You feel sick. The adder bites you.
* * * LOW HITPOINT WARNING * * *
The leopard gecko barely misses you.
You closely miss the adder.
The adder is heavily wounded.
* * * LOW HITPOINT WARNING * * *
You feel sick. The adder barely misses you. The leopard gecko bites you.
You die...

#.#.######...
#.#.......... .#
#.#....#######.##
#######.#รท...# .....
........(....#####.#...
......................
.....................
######.###...)Sl#+#.##
#######(.......@.$.....
#......................
#......(...###.#.......
#..........# #.#.......
#..........+ ..#.#+#+##
#..........#######
#..........+
#..........#
############


You could see an adder and a leopard gecko.

Vanquished Creatures
  Terence (D:2)
  An adder (D:2)
  A worm (D:2)
  A dart slug (D:1)
  A leopard gecko (D:1)
  4 bats
  4 goblins
  4 hobgoblins
  4 kobolds
  A frilled lizard (D:1)
  5 rats
27 creatures vanquished.

Notes
Turn   | Place    | Note
-------+----------+-------------------------------------------
     0 | D:1      | shamaniam the Troll Transmuter began the quest for the Orb.
     0 | D:1      | Reached XP level 1. HP: 18/18 MP: 1/1
   130 | D:1      | Reached skill level 1 in Fighting
   168 | D:1      | Reached XP level 2. HP: 8/27 MP: 3/3
   649 | D:2      | Reached XP level 3. HP: 31/33 MP: 4/4
   699 | D:2      | Noticed Terence
   714 | D:2      | Killed Terence
   722 | D:2      | Slain by a leopard gecko

Skill      XL: |  1 |
---------------+----+-----
Fighting       | 1 |  1.4
Dodging        | |  1.5
Unarmed Combat | |  3.8
Spellcasting   | |  1.6
Transmutations | |  1.9

Action                   || total
-------------------------++-------
Melee: Unarmed           ||    92
  Eat: Chunk             ||    12
Armor: Robe              ||    45
Dodge: Dodged            ||    61
